AoeStats
← julio_cc53

Arabia

506980827Analyzed
2v2 RM · 16d ago on Sep 16, 2026· 28m 56s· 4 players
Game mode
Random Map
Map size
Medium (4 player)
Population
200
Speed
Normal
Resources
Standard
Victory
Conquest
Starting age
Dark Age
Ending age
Imperial Age
RankedLock teamsTeams togetherTeam positionsShared explorationLock speedFull tech treeHidden civsTurbo modeCheats
Victory
Defeat
🇧🇷 Britons · Brazil
1098
+13
🇧🇷 Hindustanis · Brazil
954
+18
🇪🇸 Mongols · Spain
1075
-18
🇪🇨 Vikings · Ecuador
958
-13
julio_cc53
6:01 Loom
9:51 Feudal Age
10:44 Double-Bit Axe
10:58 Horse Collar
13:45 Wheelbarrow
20:31 Castle Age
19:28 Gold Mining
21:01 Bloodlines
21:05 Scale Barding Armor
21:11 Forging
21:22 Heavy Plow
23:04 Chain Barding Armor
26:20 Iron Casting
andrs_rg12
11:16 Feudal Age
16:22 Castle Age
18:17 Loom
26:27 Horse Collar
s
7:05 Loom
9:27 Feudal Age
11:24 Double-Bit Axe
17:25 Forging
17:21 Scale Barding Armor
19:47 Gold Mining
22:41 Castle Age
24:02 Husbandry
24:12 Bloodlines
24:42 Wheelbarrow
25:03 Chain Barding Armor
24:43 Town Watch
27:26 Iron Casting
27:43 Town Patrol
Nickado
6:22 Loom
6:28 Loom
9:09 Feudal Age
10:12 Double-Bit Axe
11:49 Horse Collar
15:34 Fletching
21:21 Castle Age
20:20 Gold Mining
21:57 Crossbowman
24:22 Padded Archer Armor
24:49 Bow Saw
25:19 Gold Shaft Mining
24:45 Bodkin Arrow
25:32 Stone Mining
Connection lost

Rejoining the realm…

Still unreachable

The connection could not be restored.

Session expired

The server has moved on; the page needs a fresh start.